[Event "ICC Open2015 Finals"]
[Site "Internet Chess Club"]
[Date "2015.05.31"]
[Round "1"]
[White "Federicov"]
[Black "BlitzorDDD"]
[Result "1-0"]
[ICCResult "Black resigns"]
[WhiteElo "3092"]
[BlackElo "3130"]
[Opening "Sicilian: Richter-Rauzer, Rauzer attack, 7...a6 defense, 8...Bd7"]
[ECO "B67"]
[NIC "SI.30"]
[Time "14:01:08"]
[TimeControl "180+0"]

1. e4 c5 2. Nf3 d6 3. d4 cxd4 4. Nxd4 Nf6 5. Nc3 Nc6 6. Bg5 e6 7. Qd2 a6 8.
O-O-O Bd7 9. f4 b5 10. Bxf6 gxf6 11. Kb1 Qb6 12. Nxc6 Bxc6 13. f5 b4 14. Ne2
e5 15. Ng3 h5 16. h4 Qc5 17. Bd3 Bh6 18. Qe2 Ke7 19. Nxh5 Qe3 20. Qf1 Bxe4
21. Rh3 Bxd3 22. Rxd3 Qc1+ 23. Qxc1 Bxc1 24. Kxc1 Rxh5 25. g4 Rh6 26. Rb3 a5
27. a3 Rb8 28. c3 Rg8 29. axb4 a4 30. Ra3 Rxg4 31. Rxa4 Rh5 32. Ra7+ Kd8 33.
Rd3 Rxf5 34. Rxd6+ Kc8 35. Rxf7 Rf2 36. Rd2 Rf1+ 37. Kc2 Rxh4 38. b5
{Black resigns}
1-0

[Event "ICC Open2015 Finals"]
[Site "Internet Chess Club"]
[Date "2015.05.31"]
[Round "1"]
[White "aplusk"]
[Black "depressnyak"]
[Result "0-1"]
[ICCResult "White resigns"]
[WhiteElo "3005"]
[BlackElo "3233"]
[Opening "Réti opening"]
[ECO "A04"]
[NIC "QP.10"]
[Time "14:00:53"]
[TimeControl "180+0"]

1. Nf3 c5 2. g3 g6 3. c4 Bg7 4. Nc3 Nc6 5. b3 d6 6. Bb2 e5 7. Bg2 Nge7 8.
O-O O-O 9. d3 h6 10. a3 Be6 11. Nd2 Qd7 12. Nd5 Bh3 13. Bxh3 Qxh3 14. e4 f5
15. Qf3 h5 16. Qg2 Qxg2+ 17. Kxg2 Bh6 18. Nf3 Rf7 19. Bc3 Raf8 20. Ng1 g5
21. b4 g4 22. bxc5 dxc5 23. f3 f4 24. h3 gxh3+ 25. Kxh3 Ng6 26. Ne2 fxg3 27.
Kxg3 Nd4 28. Bxd4 cxd4 29. Rf2 Be3 30. Rff1 Kh7 31. Rae1 Bg5 32. Rf2 Bh4+
33. Kg2 Bxf2 34. Kxf2 Rxf3+ 35. Kg2 Nh4+ 36. Kg1 Rg8+ 37. Kh2 Rg2+
{White resigns}
0-1

[Event "ICC Open2015 Finals"]
[Site "Internet Chess Club"]
[Date "2015.05.31"]
[Round "1"]
[White "isodung"]
[Black "Vladimirovich"]
[Result "1-0"]
[ICCResult "Black forfeits on time"]
[WhiteElo "2947"]
[BlackElo "3273"]
[Opening "Sicilian: closed"]
[ECO "B24"]
[NIC "SI.44"]
[Time "14:00:42"]
[TimeControl "180+0"]

1. e4 c5 2. Nc3 Nc6 3. g3 g6 4. Bg2 Bg7 5. d3 e6 6. Be3 d6 7. f4 Nge7 8. Nf3
Nd4 9. O-O O-O 10. e5 Nef5 11. Bf2 Nxf3+ 12. Qxf3 Nd4 13. Qd1 dxe5 14. fxe5
Bxe5 15. Na4 Bd7 16. c3 Bxa4 17. Qxa4 Ne2+ 18. Kh1 Qxd3 19. Rad1 Qf5 20. Qc4
Qc2 21. Rde1 Nxg3+ 22. Bxg3 Bxg3 23. hxg3 Qxb2 24. Rxe6 b5 25. Re2 bxc4 26.
Rxb2 Rad8 27. Rf4 Rd3 28. Rxc4 Rxg3 29. Rxc5 h5 30. Rb7 h4 31. Kh2 Re8 32.
Rb2 Ree3 33. Rc8+ Kg7 34. c4 Rc3 35. c5 h3 36. Bh1 g5 37. c6 Rge3 38. Rd8 g4
39. Rd4 f5 40. Rb7+ Kf6 41. Rd6+ Kg5 42. Rg7+ Kf4 43. Rd4+ Ke5 44. Rd2 Kf4
45. Rf2+ Ke5 46. Re7+ Kd6 47. Rxe3 Rxe3 48. Rxf5 g3+ 49. Kxh3 g2+ 50. Kxg2
Re1 51. Rf6+ Ke7 52. Rf2 Rc1 53. Kh2 Kd6 54. Bf3 Rc3 55. Kg2 Kc7 56. Re2 a5
57. Kf2 a4 58. Re3 Rc2+ 59. Re2 Rc3 60. Re7+ Kd6 61. Rd7+ Ke5 62. c7 Ke6 63.
Bg4+ {Black forfeits on time} 1-0

[Event "ICC Open2015 Finals"]
[Site "Internet Chess Club"]
[Date "2015.05.31"]
[Round "1"]
[White "fireland"]
[Black "Sibelephant"]
[Result "1-0"]
[ICCResult "Black resigns"]
[WhiteElo "3131"]
[BlackElo "3187"]
[Opening "Sicilian: Alapin's variation (2.c3)"]
[ECO "B22"]
[NIC "SI.46"]
[Time "14:00:40"]
[TimeControl "180+0"]

1. e4 c5 2. c3 d6 3. d4 Nf6 4. Bd3 Nc6 5. Nf3 Bg4 6. d5 Bxf3 7. Qxf3 Ne5 8.
Bb5+ Ned7 9. O-O a6 10. Ba4 g6 11. Bc2 Bg7 12. a4 b5 13. Qe2 Rb8 14. axb5
axb5 15. Be3 O-O 16. Nd2 Qb6 17. Ra2 Ra8 18. Rfa1 Rxa2 19. Rxa2 Qb7 20. Ra5
Rb8 21. h3 Ne8 22. Bd3 Nc7 23. Nf3 b4 24. Qc2 bxc3 25. bxc3 Ra8 26. Rxa8+
Qxa8 27. Nd2 Nb6 28. Qb3 Qa7 29. g3 Bf6 30. Kg2 Kg7 31. h4 h5 32. Nf3 Na4
33. c4 Nb2 34. Bc2 Qa1 35. e5 dxe5 36. Bxc5 Na6 37. Be3 e4 38. Ng5 Nd3 39.
Bxd3 exd3 40. Qxd3 Nb4 41. Qb3 Na2 42. Ne4 Bd4 43. c5 Bxe3 44. Qxe3 Nb4 45.
Qc3+ Qxc3 46. Nxc3 Na6 47. Kf3 Nxc5 48. Ke3 Kf6 49. Ne4+ Nxe4 50. Kxe4 g5
51. f3 gxh4 52. gxh4 Kg7 53. Ke5 Kg6 54. f4 Kg7 55. Kf5 Kh6 56. Ke5 Kg7 57.
f5 Kf8 58. f6 Ke8 59. Kf5 exf6 60. Kxf6 Kd7 61. Kxf7 Kd6 62. Kg6 Kxd5 63.
Kxh5 Ke6 64. Kg6 Ke7 65. Kg7 Ke6 66. h5 Kf5 67. h6 {Black resigns} 1-0

[Event "ICC Open2015 Finals"]
[Site "Internet Chess Club"]
[Date "2015.05.31"]
[Round "2"]
[White "BlitzorDDD"]
[Black "Federicov"]
[Result "1-0"]
[ICCResult "Black resigns"]
[WhiteElo "3144"]
[BlackElo "3078"]
[Opening "King's Indian: Four pawns attack, dynamic line"]
[ECO "E76"]
[NIC "KI.31"]
[Time "14:07:27"]
[TimeControl "180+0"]

1. d4 Nf6 2. c4 g6 3. Nc3 Bg7 4. e4 d6 5. f4 O-O 6. Nf3 c5 7. d5 e6 8. dxe6
fxe6 9. Be2 Nc6 10. O-O e5 11. fxe5 dxe5 12. Bg5 Qxd1 13. Raxd1 h6 14. Bxf6
Bxf6 15. Rd6 Kg7 16. Nd5 Bg4 17. Rxf6 Rxf6 18. Nxf6 Kxf6 19. Ne1+ Kg5 20.
Bxg4 Kxg4 21. Rf7 b6 22. h3+ Kh5 23. Nf3 g5 24. Rg7 {Black resigns} 1-0

[Event "ICC Open2015 Finals"]
[Site "Internet Chess Club"]
[Date "2015.05.31"]
[Round "2"]
[White "Vladimirovich"]
[Black "isodung"]
[Result "1/2-1/2"]
[ICCResult "Game drawn by repetition"]
[WhiteElo "3261"]
[BlackElo "2959"]
[Opening "Queen's pawn"]
[ECO "A40"]
[NIC "QO.17"]
[Time "14:07:42"]
[TimeControl "180+0"]

1. d4 e6 2. Nf3 d5 3. Bf4 c5 4. e3 Nc6 5. c3 Nf6 6. Nbd2 Bd6 7. Bg3 O-O 8.
Bd3 Re8 9. Ne5 Bxe5 10. dxe5 Nd7 11. f4 f5 12. exf6 Nxf6 13. Bh4 Qe7 14. O-O
Qf7 15. Nf3 Qh5 16. Qe1 e5 17. Bxf6 gxf6 18. fxe5 fxe5 19. e4 d4 20. Qg3+
Kh8 21. Ng5 Be6 22. Rf6 Bg8 23. Raf1 Re7 24. R1f5 Rg7 25. h4 c4 26. Bc2 d3
27. Ba4 Rd8 28. Kh2 d2 29. Qf2 d1=Q 30. Bxd1 Qxd1 31. Rf8 Rxf8 32. Rxf8 Qd7
33. Qf6 Qe7 34. Nf7+ Qxf7 35. Rxf7 Bxf7 36. g4 Kg8 37. g5 Rg6 38. Qf2 Rd6
39. Qc5 Rd2+ 40. Kg3 Rd3+ 41. Kg4 Be6+ 42. Kh5 Bf7+ 43. Kg4 Be6+ 44. Kh5
Bf7+ 45. Kg4 Be6+ {Game drawn by repetition} 1/2-1/2

[Event "ICC Open2015 Finals"]
[Site "Internet Chess Club"]
[Date "2015.05.31"]
[Round "2"]
[White "Sibelephant"]
[Black "fireland"]
[Result "0-1"]
[ICCResult "White resigns"]
[WhiteElo "3168"]
[BlackElo "3150"]
[Opening "Sicilian: Nimzovich-Rossolimo attack (with ...g6, without ...d6)"]
[ECO "B31"]
[NIC "SI.31"]
[Time "14:07:44"]
[TimeControl "180+0"]

1. Nf3 c5 2. e4 Nc6 3. Bb5 g6 4. Bxc6 bxc6 5. O-O Bg7 6. Re1 Nf6 7. e5 Nd5
8. c4 Nc7 9. d4 cxd4 10. Qxd4 O-O 11. Qh4 f6 12. exf6 exf6 13. Bd2 Ne6 14.
Bc3 Rb8 15. Nbd2 d5 16. cxd5 cxd5 17. Nb3 Qd6 18. Rad1 Bb7 19. Bb4 Qb6 20.
Bxf8 Rxf8 21. Nfd4 Ng5 22. Qg4 Bc8 23. Qe2 f5 24. Kh1 Ne4 25. f3 Ba6 26. Qe3
Nd6 27. Qe6+ Kh8 28. Qxd5 Bc4 29. Qc5 Qa6 30. Ne6 Ne4 31. fxe4 Bxe6 32. Nd4
fxe4 33. Nxe6 Qxe6 34. b3 Qa6 35. a4 Qb7 36. Qd5 Qxd5 37. Rxd5 Bc3 38. Red1
e3 39. Rd8 Kg7 40. R8d7+ Rf7 41. Rxf7+ Kxf7 42. Rd7+ Kf6 43. Rd6+ Kf5 44.
g4+ Kxg4 45. h3+ Kf3 {White resigns} 0-1

[Event "ICC Open2015 Finals"]
[Site "Internet Chess Club"]
[Date "2015.05.31"]
[Round "2"]
[White "depressnyak"]
[Black "aplusk"]
[Result "1/2-1/2"]
[ICCResult "Game drawn by mutual agreement"]
[WhiteElo "3224"]
[BlackElo "3014"]
[Opening "Queen's pawn: London system"]
[ECO "A45"]
[NIC "QP.07"]
[Time "14:09:55"]
[TimeControl "180+0"]

1. d4 Nf6 2. Bf4 c5 3. d5 Qb6 4. Nc3 d6 5. e4 g6 6. Bb5+ Bd7 7. a4 a6 8. a5
Qc7 9. Be2 b5 10. axb6 Qxb6 11. Nf3 Qxb2 12. Bd2 Qb6 13. e5 dxe5 14. Nxe5
Bg7 15. Nc4 Qa7 16. Bf3 O-O 17. O-O Ne8 18. Re1 Nd6 19. Nxd6 exd6 20. Ne4
Bc8 21. Nxd6 Nd7 22. Bf4 a5 23. Ra3 a4 24. c3 Nb6 25. h4 Ba6 26. h5 Qd7 27.
h6 Bxh6 28. Bxh6 Qxd6 29. Bxf8 Kxf8 30. Ra1 Bc4 31. Qc1 Kg7 32. Be2 Bxe2 33.
Rxe2 Qxd5 34. c4 Qxc4 35. Rc2 Qd4 36. Rxc5 a3 37. Qc3 Qxc3 38. Rxc3 a2 39.
Rc2 h5 40. Rcxa2 Rxa2 41. Rxa2 Nd5 42. Ra5 Nf4 43. g3 Ne6 44. Kg2 Kf6 45.
Kf3 Nd4+ 46. Ke4 Nf5 47. Kf4 Nd4 48. Ra6+ Kg7 49. Ke4 Nf5 50. Ke5 Nh6 51. f3
Nf5 52. Kf4 Ne7 53. g4 hxg4 54. fxg4 Nd5+ 55. Kf3 Nf6 56. g5 Nh7 57. Kf4 Nf8
58. Ke5 Nh7 59. Kf4 Nf8 60. Ke5 Nh7 {Game drawn by mutual agreement} 1/2-1/2

[Event "ICC Open2015 Finals"]
[Site "Internet Chess Club"]
[Date "2015.05.31"]
[Round "3"]
[White "Federicov"]
[Black "BlitzorDDD"]
[Result "1-0"]
[ICCResult "Black resigns"]
[WhiteElo "3097"]
[BlackElo "3125"]
[Opening "Ruy Lopez: closed defense"]
[ECO "C84"]
[NIC "RL.13"]
[Time "14:16:04"]
[TimeControl "180+0"]

1. e4 e5 2. Nf3 Nc6 3. Bb5 a6 4. Ba4 Nf6 5. O-O Be7 6. d3 b5 7. Bb3 d6 8. a3
Bg4 9. Be3 O-O 10. Nc3 Nd4 11. Bxd4 exd4 12. Nd5 Nd7 13. h3 Bxf3 14. Qxf3 c6
15. Nf4 Rb8 16. Qg4 Nc5 17. Ba2 b4 18. axb4 Rxb4 19. c3 Rxb2 20. cxd4 Nd7
21. Ne6 fxe6 22. Bxe6+ Kh8 23. Bxd7 Bf6 24. e5 dxe5 25. Bxc6 e4 26. Bxe4
Bxd4 27. Kh1 Rbxf2 28. Rxf2 Rxf2 29. Rc1 g6 30. Rc8 Rf1+ 31. Kh2 Bg1+ 32.
Kg3 Bf2+ 33. Kf3 {Black resigns} 1-0

[Event "ICC Open2015 Finals"]
[Site "Internet Chess Club"]
[Date "2015.05.31"]
[Round "3"]
[White "fireland"]
[Black "Sibelephant"]
[Result "1-0"]
[ICCResult "Black resigns"]
[WhiteElo "3167"]
[BlackElo "3151"]
[Opening "Robatsch (modern) defense"]
[ECO "A40"]
[NIC "KF.05"]
[Time "14:16:07"]
[TimeControl "180+0"]

1. d4 g6 2. e4 Bg7 3. Nc3 d6 4. Be3 c6 5. Qd2 b5 6. a3 a6 7. Nf3 Nd7 8. g3
Bb7 9. Bg2 c5 10. O-O cxd4 11. Bxd4 Ngf6 12. Rad1 O-O 13. Rfe1 Qc7 14. e5
dxe5 15. Nxe5 Bxg2 16. Kxg2 Rfd8 17. Qe2 Nb6 18. Nxf7 Rxd4 19. Rxd4 Qc6+ 20.
Kg1 Kxf7 21. Qxe7+ Kg8 22. Rd6 Qc5 23. Qe6+ Kf8 24. Rxb6 Re8 25. Qxf6+ Bxf6
26. Rxf6+ Kg7 27. Rxe8 Qd4 28. Rfe6 Qd2 29. R8e7+ Kh6 30. Re4 Qc1+ 31. Kg2
Qxb2 32. Rh4+ Kg5 33. Ne4+ {Black resigns} 1-0

[Event "ICC Open2015 Finals"]
[Site "Internet Chess Club"]
[Date "2015.05.31"]
[Round "3"]
[White "isodung"]
[Black "Vladimirovich"]
[Result "0-1"]
[ICCResult "White resigns"]
[WhiteElo "2954"]
[BlackElo "3266"]
[Opening "Ruy Lopez: open Berlin defense, l'Hermet variation"]
[ECO "C67"]
[NIC "RL.07"]
[Time "14:16:00"]
[TimeControl "180+0"]

1. e4 e5 2. Nf3 Nc6 3. Bb5 Nf6 4. O-O Nxe4 5. d4 Nd6 6. dxe5 Nxb5 7. a4 Nbd4
8. Nxd4 Nxd4 9. Qxd4 d5 10. exd6 Qxd6 11. Qe3+ Be7 12. Nc3 c6 13. Re1 Be6
14. Ne4 Qe5 15. Ng3 Qxe3 16. Bxe3 O-O 17. Bd4 Rfd8 18. Rad1 Bf8 19. Bc3 b6
20. Ne4 Bf5 21. f3 f6 22. Kf2 Kf7 23. g4 Be6 24. h4 h6 25. h5 Be7 26. b3 c5
27. Ke2 Rxd1 28. Rxd1 Rd8 29. Rxd8 Bxd8 30. Be1 Ke8 31. c4 Kd7 32. Bg3 f5
33. gxf5 Bxf5 34. Be5 g6 35. hxg6 Bxg6 36. Kf2 Ke6 37. Bb8 a6 38. Ke3 h5 39.
Bf4 h4 40. Ng5+ Kd7 41. Ne4 Bf5 42. Be5 h3 43. Bh2 Kc6 44. Kf4 Be6 45. Ke3
b5 46. axb5+ axb5 47. cxb5+ Kxb5 48. Nd6+ Kb4 49. Nc4 Kxb3 50. Nd2+ Kc2 51.
Bf4 c4 52. Nxc4 Bxc4 53. Kf2 Be6 54. Kg3 Kd3 55. Kh2 Ke2 56. Bg3 Kxf3 57.
Bb8 Bg5 58. Bd6 Bf4+ 59. Bxf4 Kxf4 {White resigns} 0-1

[Event "ICC Open2015 Finals"]
[Site "Internet Chess Club"]
[Date "2015.05.31"]
[Round "3"]
[White "aplusk"]
[Black "depressnyak"]
[Result "1-0"]
[ICCResult "Black forfeits on time"]
[WhiteElo "3039"]
[BlackElo "3199"]
[Opening "Queen's pawn, Mason variation"]
[ECO "D00"]
[NIC "QP.08"]
[Time "14:16:00"]
[TimeControl "180+0"]

1. d4 d5 2. Bf4 Nf6 3. e3 c5 4. Nf3 Nc6 5. Nbd2 e6 6. c3 Bd6 7. Bg3 O-O 8.
Bd3 b6 9. Ne5 Bb7 10. f4 Ne7 11. Qf3 Ne8 12. Bh4 f6 13. Qh3 Nf5 14. g4 Nxh4
15. Qxh4 f5 16. Qg3 cxd4 17. exd4 Bxe5 18. fxe5 Qg5 19. gxf5 Qxg3+ 20. hxg3
exf5 21. O-O g6 22. a4 a5 23. Rf2 Nc7 24. Raf1 Ne6 25. g4 fxg4 26. Rf6 Rae8
27. Bb5 Rxf6 28. Rxf6 Re7 29. Nf1 Kg7 30. Ne3 h5 31. Bd3 Nf8 32. Rxb6 Ne6
33. Rd6 Nf4 34. Bc2 Bc8 35. Nxd5 Nxd5 36. Rxd5 h4 37. Rd6 Bf5 38. Bxf5 gxf5
39. Rf6 Rb7 40. Rxf5 Kg6 41. Rf2 g3 42. Re2 h3 43. Re3 Kf5 44. Rxg3 Rxb2 45.
Rxh3 Kg4 46. Re3 Kf4 47. Rd3 Ke4 48. Rg3 Kd5 49. Re3 Rb6 50. e6 Rb8 51. e7
Re8 52. Kf2 Kc4 53. Kf3 Kb3 54. Kf4 Kxa4 55. d5 Kb5 56. d6 Kc6 57. Ke5 Kd7
58. c4 Rh8 59. Kd5 Rh5+ 60. Kd4 Rh8 61. e8=Q+ Rxe8 62. Rxe8 Kxe8 63. c5 Kd7
64. Kc3 {Black forfeits on time} 1-0

[Event "ICC Open2015 Finals"]
[Site "Internet Chess Club"]
[Date "2015.05.31"]
[Round "4"]
[White "Vladimirovich"]
[Black "isodung"]
[Result "1/2-1/2"]
[ICCResult "Game drawn by mutual agreement"]
[WhiteElo "3255"]
[BlackElo "2965"]
[Opening "QGD: Tarrasch, Prague variation, Normal position"]
[ECO "D34"]
[NIC "TD.04"]
[Time "14:23:07"]
[TimeControl "180+0"]

1. d4 d5 2. Nf3 c5 3. c4 e6 4. cxd5 exd5 5. Nc3 Nc6 6. g3 Nf6 7. Bg2 Be7 8.
O-O O-O 9. dxc5 Bxc5 10. b3 a6 11. Na4 Ba7 12. e3 Bf5 13. Bb2 Be4 14. Nc3
Bf5 15. Ne2 Be4 16. Nc3 Bf5 17. Ne2 Be4 {Game drawn by mutual agreement}
1/2-1/2

[Event "ICC Open2015 Finals"]
[Site "Internet Chess Club"]
[Date "2015.05.31"]
[Round "4"]
[White "BlitzorDDD"]
[Black "Federicov"]
[Result "1/2-1/2"]
[ICCResult "Game drawn because neither player has mating material"]
[WhiteElo "3124"]
[BlackElo "3098"]
[Opening "Catalan: closed, 5.Nf3"]
[ECO "E06"]
[NIC "CA.05"]
[Time "14:23:06"]
[TimeControl "180+0"]

1. d4 Nf6 2. c4 e6 3. g3 d5 4. Bg2 Be7 5. Nf3 O-O 6. O-O dxc4 7. Qc2 a6 8.
Rd1 b5 9. Ne5 c6 10. b3 cxb3 11. axb3 Bb7 12. Ba3 Nbd7 13. Nxc6 Bxc6 14.
Qxc6 Ra7 15. Bxe7 Qxe7 16. Nc3 Nb8 17. Qc5 Qxc5 18. dxc5 Rc7 19. b4 Rfc8 20.
Rd6 Kf8 21. Rdxa6 Nxa6 22. Rxa6 Rb8 23. Bc6 Nd5 24. Bxd5 exd5 25. Nxd5 Rd7
26. e4 Re8 27. c6 Rd6 28. Nc7 Rc8 29. Nxb5 Rdxc6 30. Ra7 Rb6 31. Nd4 Rxb4
32. Nf3 Rxe4 33. Ng5 Re7 34. Nxh7+ Ke8 35. Rxe7+ Kxe7 36. Ng5 f6 37. Nf3 Ra8
38. Kg2 Kf7 39. h4 Rb8 40. g4 Ra8 41. Kg3 Ra3 42. Kf4 Ra4+ 43. Kg3 Ra3 44.
h5 Rb3 45. Kf4 Rb4+ 46. Kf5 Rb5+ 47. Ke4 Rb4+ 48. Nd4 g6 49. hxg6+ Kxg6 50.
f3 Ra4 51. Ke3 Ra3+ 52. Kf2 Ra4 53. Ke3 Ra3+ 54. Ke4 Ra4 55. Kd5 Ra5+ 56.
Ke6 Ra6+ 57. Ke7 Ra7+ 58. Kd6 Ra6+ 59. Kd5 Ra5+ 60. Ke4 Ra4 61. Ke3 Ra3+ 62.
Kf2 Ra4 63. Ne2 Ra2 64. Ke3 Ra3+ 65. Ke4 Ra4+ 66. Kd5 f5 67. Nd4 Rxd4+ 68.
Kxd4 fxg4 69. fxg4 Kg5 70. Ke4 Kxg4
{Game drawn because neither player has mating material}
1/2-1/2

[Event "ICC Open2015 Finals"]
[Site "Internet Chess Club"]
[Date "2015.05.31"]
[Round "4"]
[White "depressnyak"]
[Black "aplusk"]
[Result "1-0"]
[ICCResult "Black resigns"]
[WhiteElo "3208"]
[BlackElo "3030"]
[Opening "Queen's pawn, Mason variation"]
[ECO "D00"]
[NIC "QP.08"]
[Time "14:23:07"]
[TimeControl "180+0"]

1. d4 d5 2. Bf4 c6 3. e3 Bf5 4. c4 e6 5. Nc3 Nf6 6. Qb3 Qb6 7. c5 Qxb3 8.
axb3 a6 9. b4 Nh5 10. Bc7 Nd7 11. b5 cxb5 12. Nxb5 Rc8 13. Nd6+ Bxd6 14.
Bxd6 Nhf6 15. f3 Kd8 16. Ne2 Bd3 17. Kd2 Bb5 18. Nc3 Bxf1 19. Rhxf1 Ne8 20.
Bg3 Ke7 21. b4 Nc7 22. Bd6+ Kf6 23. e4 dxe4 24. fxe4+ Kg6 25. Kd3 f6 26.
Rfb1 Rhd8 27. b5 e5 28. Bxc7 Rxc7 29. Nd5 Nxc5+ 30. dxc5 Rxc5 31. bxa6 bxa6
32. Rxa6 Rd7 33. Rb4 Kg5 34. Rc4 Rb5 35. Ke2 Rb2+ 36. Kf3 Rb3+ 37. Ke2 Rb2+
38. Kd3 Rxg2 39. Rc7 Rxc7 40. Nxc7 Rxh2 41. Ne6+ Kg4 42. Nxg7 Rh3+ 43. Kc4
Kf4 44. Rxf6+ Kxe4 45. Ne6 Rh1 46. Ng5+ Ke3 47. Rf3+ Ke2 48. Rf5 Rd1 49.
Rxe5+ Kf2 50. Nxh7 Kg3 51. Nf6 Kf4 52. Ra5 Rc1+ 53. Kd5 Rd1+ 54. Ke6 Rb1 55.
Nd5+ Kf3 56. Ra3+ Kg4 57. Ke5 Re1+ 58. Ne3+ Kf3 59. Kd4 Rh1 60. Nc4+ Kf4 61.
Nd2 Rh8 62. Rf3+ Kg4 63. Rf7 Rd8+ 64. Ke3 Re8+ 65. Ne4 Rg8 66. Nf6+ Kf5 67.
Nxg8+ Kg6 68. Ra7 Kf5 69. Nf6 Kxf6 70. Ke4 Kg5 71. Rf7 Kg6 72. Rf5 Kh6 73.
Kf4 Kg7 74. Kg5 Kh7 75. Rf7+ {Black resigns} 1-0

[Event "ICC Open2015 Finals"]
[Site "Internet Chess Club"]
[Date "2015.05.31"]
[Round "5"]
[White "isodung"]
[Black "Vladimirovich"]
[Result "1-0"]
[ICCResult "Black resigns"]
[WhiteElo "2992"]
[BlackElo "3228"]
[Opening "Four knights game"]
[ECO "C47"]
[NIC "KP.06"]
[Time "14:30:54"]
[TimeControl "180+0"]

1. e4 e5 2. Nf3 Nc6 3. Nc3 Nf6 4. g3 Bc5 5. Bg2 d6 6. d3 a6 7. O-O h6 8. h3
O-O 9. Be3 Bxe3 10. fxe3 Be6 11. Nh4 d5 12. Rxf6 d4 13. Rxe6 fxe6 14. exd4
Qxd4+ 15. Kh2 Rf2 16. Qg4 Qd6 17. Nd1 Rxc2 18. Ne3 Rxb2 19. Nc4 Rxg2+ 20.
Nxg2 Qxd3 21. Rd1 {Black resigns} 1-0

[Event "ICC Open2015 Finals"]
[Site "Internet Chess Club"]
[Date "2015.05.31"]
[Round "6"]
[White "Vladimirovich"]
[Black "isodung"]
[Result "0-1"]
[ICCResult "White resigns"]
[WhiteElo "3203"]
[BlackElo "3017"]
[Opening "Levitsky attack (Queen's bishop attack)"]
[ECO "D00"]
[NIC "QP.08"]
[Time "14:33:33"]
[TimeControl "180+0"]

1. d4 d5 2. Bg5 h6 3. Bh4 Bf5 4. e3 c6 5. Nf3 Nd7 6. c4 Ngf6 7. Nc3 e6 8.
Be2 Bd6 9. O-O O-O 10. c5 Bc7 11. b4 e5 12. b5 e4 13. Nd2 Qe7 14. Bg3 Bxg3
15. fxg3 Be6 16. bxc6 bxc6 17. Qa4 Rfc8 18. Rab1 Rc7 19. Qa5 Nf8 20. Rb2 Ng6
21. Rfb1 Rac8 22. Ba6 Rd8 23. Rb7 Rdd7 24. Rb8+ Kh7 25. Bc8 Rd8 26. Ba6 Rdd7
27. Ra8 Rd8 28. Rxd8 Qxd8 29. Rb7 Ne8 30. Rxa7 Qg5 31. Rxc7 Qxe3+ 32. Kh1
Nxc7 33. Nf1 Qxd4 34. Qxc7 Qxc3 35. Qxc6 e3 36. Qb5 d4 37. c6 Ne7 38. Qe5
Nxc6 39. Qe4+ g6 40. h4 h5 41. a4 Ne7 42. Kh2 Nf5 43. Bd3 Nh6 44. Kg1 Ng4
45. Be2 Qe1 46. Bxg4 Qf2+ 47. Kh2 Bxg4 48. Qxd4 Qxf1 49. Qxe3 Qa6 50. Qa3
Qa5 51. Qb3 Be6 52. Qc2 Bf5 53. Qc4 Be6 54. Qd4 Bf5 55. Kg1 Be6 56. Kf2 Bb3
57. g4 Qxa4 58. Qf6 Qxg4 59. Kg1 Qd1+ 60. Kh2 Qg4 61. Qc3 Be6 62. Qe1 Qf5
63. Kh1 Qf4 64. Qg1 Qf5 65. Qh2 Qf1+ 66. Qg1 Qxg1+ 67. Kxg1 f6 68. Kh2 g5
{White resigns}
0-1

[Event "ICC Open2015 Finals"]
[Site "Internet Chess Club"]
[Date "2015.05.31"]
[Round "7"]
[White "isodung"]
[Black "Federicov"]
[Result "0-1"]
[ICCResult "White resigns"]
[WhiteElo "3005"]
[BlackElo "3110"]
[Opening "Four knights game"]
[ECO "C47"]
[NIC "KP.06"]
[Time "14:42:17"]
[TimeControl "180+0"]

1. e4 e5 2. Nf3 Nc6 3. Nc3 Nf6 4. g3 g6 5. Bg2 Bg7 6. d3 O-O 7. O-O d6 8.
Bg5 h6 9. Bxf6 Bxf6 10. Qd2 Bg7 11. h3 Be6 12. Nd5 Ne7 13. Nxe7+ Qxe7 14. d4
c6 15. c3 Rfe8 16. Rfe1 Rad8 17. b3 Bc8 18. Kh2 Kh7 19. dxe5 dxe5 20. Qe3 b6
21. Rad1 Be6 22. Bf1 f6 23. g4 Qf7 24. Be2 Bf8 25. Kg2 Bc5 26. Qc1 Qe7 27.
Rxd8 Rxd8 28. Rd1 Kg7 29. Rxd8 Qxd8 30. Qd1 Qxd1 31. Bxd1 a5 32. a4 Kf7 33.
Ne1 Bd6 34. Nd3 Ke7 35. f3 g5 36. Kf2 Kd7 37. Ke3 Bf7 38. Kd2 h5 39. Ke3 h4
40. Kd2 Kc7 41. Ke3 b5 42. Kd2 Kb6 43. Ke3 Ba3 44. Kd2 Be6 45. Bc2 c5 46.
axb5 c4 47. bxc4 Bxc4 48. Ba4 Be7 49. Kc2 Bd6 50. Bb3 Bxb5 51. c4 Bd7 52.
Kc3 Bc5 53. Kb2 a4 54. Bc2 Bd4+ 55. Ka3 Ka5 56. Bd1 Be6 57. Bxa4 Bxc4 58.
Bc2 Bc3 59. Bb1 Kb5 60. Bc2 Bd4 61. Bb1 Bc3 62. Bc2 Bd4 63. Bb1 Be6 64. Bc2
Kc4 65. Bb3+ Kxd3 66. Bxe6 Ke3 67. Kb3 Kxf3 68. Bf5 Kg2 69. Kc4 Kxh3
{White resigns}
0-1

[Event "ICC Open2015 Finals"]
[Site "Internet Chess Club"]
[Date "2015.05.31"]
[Round "7"]
[White "fireland"]
[Black "depressnyak"]
[Result "1/2-1/2"]
[ICCResult "Game drawn by mutual agreement"]
[WhiteElo "3169"]
[BlackElo "3206"]
[Opening "Sicilian: Pelikan, Chelyabinsk variation"]
[ECO "B33"]
[NIC "SI.37"]
[Time "14:43:28"]
[TimeControl "180+0"]

1. e4 c5 2. Nf3 Nc6 3. d4 cxd4 4. Nxd4 Nf6 5. Nc3 e5 6. Ndb5 d6 7. Bg5 a6 8.
Na3 b5 9. Nd5 Be7 10. Bxf6 Bxf6 11. c4 b4 12. Nc2 O-O 13. g3 a5 14. h4 Be6
15. Bh3 a4 16. Bxe6 fxe6 17. Ndxb4 Nxb4 18. Nxb4 Qb6 19. Qd2 Qb7 20. O-O
Qxe4 21. Qxd6 Qxc4 22. Rac1 Qg4 23. Nc6 e4 24. Rc4 Kh8 25. Qb4 Qe2 26. Rxe4
Qxb2 27. Qxb2 Bxb2 28. Rxe6 h6 29. Rfe1 Kh7 30. R1e2 a3 31. Kg2 Rf6 32. Rxf6
Bxf6 33. Re3 Bb2 34. Nb4 Rd8 35. Nc2 Rd2 36. Nxa3 Bd4 37. Rf3 Rxa2 38. Nb5
Bf6 39. Nd6 Ra4 40. Nf5 h5 41. Ne3 Ra3 42. Rf5 Kg6 43. Rd5 Ra2
{Game drawn by mutual agreement}
1/2-1/2

[Event "ICC Open2015 Finals"]
[Site "Internet Chess Club"]
[Date "2015.05.31"]
[Round "8"]
[White "Federicov"]
[Black "isodung"]
[Result "0-1"]
[ICCResult "White resigns"]
[WhiteElo "3089"]
[BlackElo "3026"]
[Opening "Caro-Kann: Tartakower (Nimzovich) variation"]
[ECO "B15"]
[NIC "CK.06"]
[Time "14:50:09"]
[TimeControl "180+0"]

1. e4 c6 2. d4 d5 3. Nc3 dxe4 4. Nxe4 Nf6 5. Nxf6+ exf6 6. c3 Bd6 7. Bd3 O-O
8. Qc2 Re8+ 9. Ne2 g6 10. h4 f5 11. h5 Be6 12. Be3 Nd7 13. hxg6 fxg6 14.
O-O-O Nf6 15. Kb1 b5 16. Bg5 Bf7 17. Rde1 Be7 18. Nf4 Nd5 19. Bxe7 Rxe7 20.
Qd2 Rxe1+ 21. Rxe1 Nxf4 22. Qxf4 Qd5 23. Kc2 Qxa2 24. Qd6 Qb3+ 25. Kc1 Qd5
26. Qxd5 Bxd5 27. g3 a5 28. Kd2 a4 29. Ra1 Kg7 30. Re1 Kf6 31. f4 a3 32.
bxa3 Rxa3 33. Re5 Ra2+ 34. Ke3 Rg2 35. Be2 Rxg3+ 36. Kd2 h5 37. Bxb5 h4 38.
c4 Be4 39. Bxc6 Bxc6 40. d5 Bd7 41. c5 h3 42. c6 Bxc6 43. dxc6 h2 44. Re1
Rg1 45. c7 h1=Q 46. c8=Q Qd5+ 47. Kc3 Rg3+ 48. Kb2 Rg2+ 49. Kc3 Qd2+ 50. Kc4
Qc2+ {White resigns} 0-1

[Event "ICC Open2015 Finals"]
[Site "Internet Chess Club"]
[Date "2015.05.31"]
[Round "8"]
[White "depressnyak"]
[Black "fireland"]
[Result "1-0"]
[ICCResult "Black resigns"]
[WhiteElo "3220"]
[BlackElo "3155"]
[Opening "Queen's pawn: London system"]
[ECO "A45"]
[NIC "QP.07"]
[Time "14:50:13"]
[TimeControl "180+0"]

1. d4 Nf6 2. Bf4 d6 3. Nc3 Bf5 4. f3 Nbd7 5. e4 Bg6 6. Nge2 e5 7. Be3 exd4
8. Qxd4 Be7 9. O-O-O O-O 10. Nf4 Ne5 11. Kb1 c5 12. Qd2 a6 13. Ncd5 Nxd5 14.
Nxd5 f5 15. exf5 Bxf5 16. Be2 b5 17. Rhe1 Bh4 18. g3 Be7 19. g4 Be6 20.
Nxe7+ Qxe7 21. Qxd6 Qxd6 22. Rxd6 Bc4 23. Bxc5 Bxe2 24. Rxe2 Rxf3 25. b3
Nxg4 26. Bd4 Raf8 27. Rxa6 h5 28. Rg6 R8f7 29. Rg5 R3f5 30. Rxf5 Rxf5 31. h3
Nf6 32. Rf2 Rxf2 33. Bxf2 Ne4 34. Be1 g5 35. a4 bxa4 36. bxa4 h4 37. a5 Nc5
38. Bf2 Na6 39. Be3 g4 40. hxg4 Kf7 41. Bf4 h3 42. c4 Ke6 43. Kb2 Nc5 44.
Kc3 {Black resigns} 1-0